 Dungeon Crawl Stone Soup version 0.31.0-9-g3a7656b989 (webtiles) character file.

Game seed: 4733856365314102669

170 qw the Skirmisher (level 5, -11/29 HPs)
             Began as a Deep Elf Hunter on Feb 2, 2024.
             Succumbed to a kobold brigand's curare-tipped dart
             ... in a sewer.
             The game lasted 00:00:07 (2248 turns).

qw the Skirmisher (Deep Elf Hunter)                 Turns: 2248, Time: 00:00:07

Health: -11/29     AC:  5    Str: 10    XL:     5   Next: 25%
Magic:  7/7        EV: 12    Int: 20    God:
Gold:   146        SH:  0    Dex: 24    Spells: 4/4 levels left

rFire   . . .        c - +0 arbalest "Erup" {flame, *Slow rCorr Int+6}
rCold   . . .        (shield currently unavailable)
rNeg    . . .        d - +0 ring mail
rPois   .            (no helmet)
rElec   .            (no cloak)
rCorr   +            (no gloves)
SInv    .            (no boots)
Will    +....        (no amulet)
Stlth   +            g - +6 ring of dexterity
HPRegen 0.24/turn    f - ring of willpower
MPRegen 0.10/turn

%: slow self (1%)
@: lethally poisoned (-11 -> -42), slowed, very slow
A: no striking features
a: no special abilities


You were in a sewer.
You visited 1 branch of the dungeon, and saw 3 of its levels.
You also visited: Sewer.

You collected 146 gold pieces.


   Skills:
 - Level 1.5 Fighting
 + Level 8.4 Ranged Weapons
 - Level 3.0 Dodging
 - Level 1.2 Stealth


You had 4 spell levels left.
You didn't know any spells.
Your spell library was empty.

Inventory:

Hand Weapons
 c - the +0 arbalest "Erup" (weapon) {flame, *Slow rCorr Int+6}
   (You acquired it on level 2 of the Dungeon)

   Int+6:     It affects your intelligence (+6).
   rCorr:     It protects you from acid and corrosion.
   *Slow:     It may slow you when you take damage.
Armour
 d - a +0 ring mail (worn)
Jewellery
 f - a ring of willpower (right hand)
 g - a +6 ring of dexterity (left hand)
Potions
 b - a potion of resistance
 e - a potion of heal wounds {unknown}
 h - a potion of brilliance {unknown}
 i - a potion of berserk rage {unknown}
 j - a potion of curing {unknown}
 n - a potion of degeneration {unknown}

Dungeon Overview and Level Annotations

Branches:
Dungeon (3/15)              Sewer (1/1)

Altars:

Shops:
D:3 :


Message History

You enter the shallow water.
Moving in this stuff is going to be slow.
You enter the shallow water.
Moving in this stuff is going to be slow.
You feel yourself slow down.
You enter the shallow water.
Moving in this stuff is going to be slow.
A kobold brigand comes into view.
It is wielding a +0 short sword and quivering curare-tipped darts.
Found a sedimented emerald potion.
The kobold brigand shouts!
You shoot a bolt.
The bolt barely misses the kobold brigand.
You shoot a bolt.
The bolt closely misses the kobold brigand.
You shoot a bolt.
The bolt closely misses the kobold brigand.
You shoot a bolt.
The bolt closely misses the kobold brigand.
The kobold brigand throws a curare-tipped dart.
The curare-tipped dart hits you.
You are poisoned.
You have difficulty breathing.
You feel yourself slow down.
You shoot a bolt.
The bolt barely misses the kobold brigand.
You feel very sick.
The kobold brigand throws a curare-tipped dart.
The curare-tipped dart hits you.
You are more poisoned.
You have difficulty breathing.
You feel as though you will be slow longer.
The kobold brigand throws a curare-tipped dart.
The curare-tipped dart hits you.
You are more poisoned.
You have difficulty breathing.
You feel as though you will be slow longer.
You shoot a bolt. The bolt hits the kobold brigand!
The bolt burns the kobold brigand.
The kobold brigand is heavily wounded.
Ouch! That really hurt!
You die...

#~~~~.~.\. #~..~.....
## ##.~.~.....
~~~~##### ##.~~.~~..~~
#~~~~~####....##~..~~
~~~~###.~..~.~.####~~.~
### #~.~~.~~.# #.~~.
.~~~.###~~~~..~## ..~~.
#.K~@.####### .~
!~~~~##### ###


You could see a kobold brigand.

Vanquished Creatures
  A kobold brigand (Sewer)
  4 adders
  2 dart slugs (D:2)
  4 ribbon worms
  4 ball pythons
  3 bats
  5 endoplasms
  5 giant cockroaches
  2 hobgoblins (D:2)
  A quokka (D:3)
  3 frilled lizards
  7 goblins
  6 kobolds
  4 rats
51 creatures vanquished.

Notes
Turn   | Place    | Note
-------+----------+-------------------------------------------
     0 | D:1      | qw the Deep Elf Hunter began the quest for the Orb.
     0 | D:1      | Reached XP level 1. HP: 12/12 MP: 3/3
     0 | D:1      | 0 ||| qw: Version: 0.3-a-155-g5e7d8dd
     0 | D:1      | 0 ||| qw: Game counter: 2257
     0 | D:1      | 0 ||| qw: Melee chars always use a shield: true
     0 | D:1      | 0 ||| qw: God list: Okawaru
     0 | D:1      | 0 ||| qw: Allow faded altars: false
     0 | D:1      | 0 ||| qw: Do Orc after clearing Dungeon:15 true
     0 | D:1      | 0 ||| qw: Do second Lair branch before Depths: true
     0 | D:1      | 0 ||| qw: Lair rune preference: random
     0 | D:1      | 0 ||| qw: Goals: Normal
     0 | D:1      | 0 ||| PLANNING D:1-11
   302 | D:1      | Reached skill level 6 in Ranged Weapons
   302 | D:1      | Reached XP level 2. HP: 16/16 MP: 4/4
   688 | D:1      | 688 ||| DROPPING ring of wizardry.
   689 | D:1      | 689 ||| UPGRADING to +6 ring of dexterity.
   690 | D:1      | 690 ||| READING scroll labelled OFATAS URCHE.
   691 | D:1      | 691 ||| DROPPING scroll of butterflies.
   902 | D:2      | Reached XP level 3. HP: 20/20 MP: 5/5
  1040 | D:2      | Reached skill level 7 in Ranged Weapons
  1382 | D:2      | Reached skill level 3 in Dodging
  1565 | D:2      | 1565 ||| UPGRADING to +0 ring mail.
  1575 | D:2      | 1575 ||| DROPPING +0 leather armour.
  1576 | D:2      | 1576 ||| READING 2 scrolls labelled XAWATT FUWIL.
  1576 | D:2      | Identified 2 scrolls of acquirement
  1576 | D:2      | 1576 ||| ACQUIRING ring of willpower
  1576 | D:2      | Acquired a ring of willpower
  1577 | D:2      | 1577 ||| READING scroll of acquirement.
  1577 | D:2      | 1577 ||| ACQUIRING +0 arbalest "Erup" {flame, *Slow rCorr
                  | Int+6}
  1577 | D:2      | Acquired the +0 arbalest "Erup" {flame, *Slow rCorr Int+6}
  1579 | D:2      | 1579 ||| SWAPPING to +0 arbalest "Erup" {flame, *Slow rCorr
                  | Int+6}.
  1580 | D:2      | 1580 ||| DROPPING +0 shortbow.
  1581 | D:2      | 1581 ||| UPGRADING to ring of willpower.
  1616 | D:3      | 1616 ||| PLANNING SEWER
  1650 | D:3      | Reached XP level 4. HP: 25/25 MP: 6/6
  1682 | D:3      | Found a faded altar of an unknown god.
  1823 | D:3      | Identified the +4 spear of Responsibility {drain, Fly}
  1933 | D:3      | Found Jashrego's Book Shoppe.
  2056 | D:3      | Found a glowing drain.
  2057 | D:3      | 2057 ||| READING scroll labelled XOFUPS VOBO.
  2057 | D:3      | 2057 ||| IDENTIFYING fuming green potion
  2058 | D:3      | 2058 ||| READING scroll labelled ISHEOFUTUE.
  2059 | D:3      | 2059 ||| READING scroll labelled KAATUERH QUDOSUR.
  2060 | D:3      | 2060 ||| DRINKING 2 purple potions.
  2062 | D:3      | 2062 ||| Stepping ~*~*~tactically~*~*~ (cloud).
  2156 | Sewer    | Entered a sewer
  2198 | Sewer    | Noticed a kobold brigand
  2199 | Sewer    | 2199 ||| DRINKING potion of haste.
  2207 | Sewer    | Killed a kobold brigand
  2208 | Sewer    | Reached skill level 8 in Ranged Weapons
  2208 | Sewer    | Reached XP level 5. HP: 29/29 MP: 7/7
  2247 | Sewer    | HP: 4/29 [asphyx]
  2248 | Sewer    | Succumbed to a kobold brigand's curare-tipped dart

Levels and vault maps discovered:
D:1:      dpeg_arrival_oval, layout_loops_ring, serial_bayou_pond_e, hex_medium
D:2:      layout_basic
D:3:      layout_basic, shapermc_ecumenical_altar_ellora, serial_shops, shop,
          mainiacjoe_sewer_entry_somewhere_in_here_2
Sewer:    sewer_co_tree

Skill      XL: |  1  2  3  4 |
---------------+-------------+-----
Ranged Weapons | 6 7 8 |  8.4
Dodging        | 3 |  3.0
Fighting       | |  1.5
Stealth        | |  1.2

Action                     |  1- 3 |  4- 6 || total
---------------------------+-------+-------++-------
   Fire: Shortbow          |    87 |       ||    87
         Arbalest          |     7 |    41 ||    48
    Use: Scroll            |     3 |     3 ||     6
         Potion            |       |     2 ||     2
 Armour: Leather armour    |    23 |       ||    23
         Ring mail         |       |     2 ||     2
  Dodge: Dodged            |    20 |    10 ||    30

Table legend:
 A = Non-vault XP
 B = Vault XP
 C = Vault XP percentage of total XP
 D = Non-vault monster count
 E = Vault monster count
 F = Vault count percentage of total count
                 A         B        C        D         E       F
            +---------+---------+-------+---------+---------+-------
      Total |     109 |     134 |  55.1 |      40 |      11 |  21.6
            +---------+---------+-------+---------+---------+-------
        D:1 |      16 |       0 |   0.0 |      10 |       0 |   0.0
        D:2 |      76 |       0 |   0.0 |      22 |       0 |   0.0
        D:3 |      17 |      14 |  45.2 |       8 |       7 |  46.7
      Sewer |       0 |     120 | 100.0 |       0 |       4 | 100.0
            +---------+---------+-------+---------+---------+-------
